 Dungeon Crawl Stone Soup version 0.24-a0-57-gac335f2 (webtiles) character file.

Game seed: 16254355646917830124

326 galech the Chopper (level 6, -14/48 HPs)
             Began as a Demonspawn Fighter on Feb 4, 2019.
             Demolished by an orc warrior
             ... wielding a +0 halberd
              (22 damage)
             ... on level 4 of the Dungeon.
             The game lasted 00:03:07 (2842 turns).

galech the Chopper (Demonspawn Fighter)             Turns: 2842, Time: 00:03:07

Health: -14/48     AC:  6    Str: 21    XL:     6   Next: 24%
Magic:  6/6        EV:  7    Int:  9    God:
Gold:   156        SH:  9    Dex: 15    Spells: 5/5 levels left

rFire    . . .     SeeInvis .   a - +0 war axe
rCold    . . .     Gourm    .   c - +0 shield
rNeg     + . .     Faith    .   b - +0 scale mail
rPois    .         Spirit   .   (no helmet)
rElec    .         Reflect  .   (no cloak)
rCorr    .         Harm     .   (no gloves)
MR       .....                  (no boots)
Stlth    ..........             h - amulet of regeneration
HPRegen  0.56/turn              r - ring of positive energy
MPRegen  0.10/turn              (no ring)

@: mighty
A: claws 2, demonic guardian 1
a: no special abilities


You were on level 4 of the Dungeon.
You were not hungry.

You visited 1 branch of the dungeon, and saw 4 of its levels.

You collected 156 gold pieces.

Inventory:

Hand Weapons
 a - a +0 war axe (weapon)
Armour
 b - a +0 scale mail (worn)
 c - a +0 shield (worn)
Jewellery
 h - an amulet of regeneration (around neck)
 r - a ring of positive energy (left claw)
 u - an uncursed amulet of magic regeneration
 y - an uncursed ring of resist corrosion {unknown}
Scrolls
 e - 2 scrolls of immolation {unknown}
 g - 2 scrolls of blinking {unknown}
 i - a scroll of enchant weapon {unknown}
 l - 6 scrolls of remove curse {unknown}
 p - 2 scrolls of amnesia {unknown}
 q - a scroll of random uselessness {unknown}
 s - 2 scrolls of magic mapping {unknown}
 t - 2 scrolls of identify {unknown}
 v - 2 scrolls of teleportation {unknown}
Potions
 j - 2 potions of curing {unknown}
 k - a potion of heal wounds {unknown}
 m - a potion of flight {unknown}
 n - 2 potions of degeneration {unknown}
 o - a potion of magic {unknown}
 w - a potion of invisibility {unknown}
 z - a potion of haste {unknown}
Comestibles
 f - 9 rations
 x - 6 chunks of flesh


   Skills:
 + Level 4.1 Fighting
 + Level 4.4 Axes
 + Level 3.3 Armour
 + Level 0.5 Dodging
 + Level 0.1 Stealth
 + Level 3.4 Shields


You had 5 spell levels left.
You didn't know any spells.
Your spell library was empty.

Dungeon Overview and Level Annotations

Branches:
Dungeon (4/15)
 Temple: D:4-7

Altars:
Elyvilon
Vehumet


Innate Abilities, Weirdness & Mutations

You have very sharp fingernails.
A weak demonic guardian rushes to your aid.


Message History

* * * LOW HITPOINT WARNING * * *
Your quasit bites the orc warrior but does no damage.
Your quasit closely misses the orc warrior.
Your quasit claws the orc warrior.
The orc hits you from afar with a +0 trident.
* * * LOW HITPOINT WARNING * * *
Your quasit closely misses the orc warrior.
Your quasit claws the orc warrior but does no damage.
Your quasit barely misses the orc warrior.
You closely miss the orc warrior.
The orc warrior is lightly wounded.
You closely miss the orc. You block the orc warrior's attack.
The orc hits you but does no damage.
Your quasit bites the orc warrior but does no damage.
Your quasit claws the orc warrior but does no damage.
Your quasit claws the orc warrior.
The orc hits you from afar with a +0 trident.
* * * LOW HITPOINT WARNING * * *
The orc warrior hits you with a +0 halberd!!
You die...

รท..# ##.### #.###
.....# #.#..
.....#########.#.#
.............#.#.#
.............#.#.#
##'#.........#.#.#
#.###########.#5#
#.# .......5o@#
#.# .#######o#o#
#.# .# #.#.# #.#
.# #o#.#
##.###.##### #o#.#
............ .....
##.......... ..#.#
###.#......#####.#
....'......#


You could see an orc warrior, 2 orcs, a friendly quasit and a friendly ufetubus.

Vanquished Creatures
  A centaur skeleton (D:4)
  A bullfrog skeleton (D:4)
  An iguana (D:3)
  4 adders
  An ooze (D:3)
  2 worms
  3 dart slugs
  2 leopard geckos (D:3)
  2 orcs
  2 giant cockroaches (D:1)
  6 goblins
  6 hobgoblins
  4 jackals (D:4)
  6 kobolds
  A quokka (D:2)
  2 ball pythons
  A bat (D:2)
  5 frilled lizards
  9 rats
59 creatures vanquished.

Vanquished Creatures (collateral kills)
  Sigmund (D:3)
  A scorpion (D:4)
  An adder (D:3)
3 creatures vanquished.

Vanquished Creatures (others)
  An orc (D:3)
1 creature vanquished.

Grand Total: 63 creatures vanquished

Notes
Turn   | Place    | Note
-------+----------+-------------------------------------------
     0 | D:1      | galech the Demonspawn Fighter began the quest for the Orb.
     0 | D:1      | Reached XP level 1. HP: 18/18 MP: 1/1
   337 | D:1      | Gained mutation: You have sharp fingernails. [demonic
                  | ancestry]
   337 | D:1      | Reached XP level 2. HP: 24/24 MP: 2/2
   890 | D:2      | You fall through a shaft for 2 floors!
  1028 | D:4      | Gained mutation: A weak demonic guardian rushes to your
                  | aid. [demonic ancestry]
  1028 | D:4      | Reached XP level 3. HP: 29/29 MP: 3/3
  1055 | D:4      | Noticed a scorpion
  1058 | D:4      | Killed a scorpion
  1058 | D:4      | Reached XP level 4. HP: 26/37 MP: 4/4
  1515 | D:2      | Reached XP level 5. HP: 40/42 MP: 5/5
  2071 | D:3      | Noticed Sigmund
  2089 | D:3      | Killed Sigmund
  2232 | D:3      | Gained mutation: You have very sharp fingernails. [demonic
                  | ancestry]
  2232 | D:3      | Reached XP level 6. HP: 44/48 MP: 6/6
  2348 | D:3      | Found a radiant altar of Vehumet.
  2383 | D:3      | Found a white marble altar of Elyvilon.
  2780 | D:4      | Noticed an orc warrior
  2842 | D:4      | Demolished by an orc warrior

Vault maps used:
D:1:      minmay_arrival_arboretum_small, minivault_24
D:3:      fiery_altar_vehumet, old_standard_altar, uniq_sigmund
D:4:      minmay_temple_entry_statues_pillars, kennysheep_generic_room_12

Skill      XL: |  1  2  3  4  5  6 |
---------------+-------------------+-----
Axes           | 2 3 4 |  4.4
Shields        | 3 |  3.4
Armour         | 3 |  3.3
Fighting       | 4 |  4.1
Dodging        | |  0.5
Stealth        | |  0.1

Action                   |  1- 3 |  4- 6 || total
-------------------------+-------+-------++-------
Melee: War axe           |    70 |   128 ||   198
  Use: Potion            |       |     1 ||     1
  Eat: Chunk             |     1 |     5 ||     6
Armor: Scale mail        |    34 |    35 ||    69
Dodge: Dodged            |    14 |    47 ||    61
Block: Shield            |    31 |    52 ||    83

Table legend:
 A = Non-vault XP
 B = Vault XP
 C = Vault XP percentage of total XP
 D = Non-vault monster count
 E = Vault monster count
 F = Vault count percentage of total count
                 A         B        C        D         E       F
            +---------+---------+-------+---------+---------+-------
      Total |     330 |     136 |  29.2 |      61 |       1 |   1.6
            +---------+---------+-------+---------+---------+-------
        D:1 |      27 |       0 |   0.0 |      16 |       0 |   0.0
        D:2 |      35 |       0 |   0.0 |      15 |       0 |   0.0
        D:3 |     108 |     136 |  55.7 |      19 |       1 |   5.0
        D:4 |     160 |       0 |   0.0 |      11 |       0 |   0.0
            +---------+---------+-------+---------+---------+-------
